 Dungeon Crawl Stone Soup version 0.31.0-10-gcf4a605ca0 (webtiles) character file.

Game seed: 3262246345829932038

5691 tsouns the Slicer (level 11, -7/69 HPs)
             Began as a Kobold Gladiator on Jan 25, 2024.
             Was a Priest of Dithmenos.
             Killed by the air
             ... invoked by Gastronok
              (29 damage)
             ... on level 1 of the Lair of Beasts.
             The game lasted 00:19:55 (9813 turns).

tsouns the Slicer (Kobold Gladiator)                Turns: 9813, Time: 00:19:56

Health: -7/69      AC: 14    Str: 12    XL:     11   Next: 4%
Magic:  14/14      EV: 24    Int: 14    God:    Dithmenos [***...]
Gold:   252        SH:  6    Dex: 16    Spells: 5/14 levels left

rFire   . . .        E - +1 short sword (venom)
rCold   . . .        h - +0 buckler
rNeg    + . .        G - +7 leather armour of Vehyebops {rN+}
rPois   .            t - +2 helmet
rElec   .            (no cloak)
rCorr   .            (no gloves)
SInv    .            k - +0 pair of boots
Will    .....        F - amulet of regeneration
Stlth   ++++         l - ring of flight
HPRegen 1.11/turn    r - +5 ring of evasion
MPRegen 0.14/turn

%: no passive effects
@: flying, wreathed by umbra
A: small, no large weapons, nightstalker 3
a: Renounce Religion, Shadow Step


You were on level 1 of the Lair of Beasts.
You worshipped Dithmenos.
Dithmenos was most pleased with you.
You visited 3 branches of the dungeon, and saw 10 of its levels.

You collected 460 gold pieces.
You spent 208 gold pieces at shops.

Inventory:

Hand Weapons
 a - a +0 rapier
 f - a +1 dagger of venom
 i - a +1 short sword of flaming
 E - a +1 short sword of venom (weapon)
Missiles
 d - a throwing net (quivered)
 e - 5 boomerangs
Armour
 h - a +0 buckler (worn)
 k - a +0 pair of boots (worn)
 t - a +2 helmet (worn)
 w - a +2 robe of fire resistance
 G - the +7 leather armour of Vehyebops (worn) {rN+}
   (You found it on level 1 of the Lair of Beasts)

   rN+:       It protects you from negative energy.
Jewellery
 l - a ring of flight (left hand)
 q - a ring of wizardry
 r - a +5 ring of evasion (right hand)
 A - a ring of poison resistance
 F - an amulet of regeneration (around neck)
Wands
 s - a wand of polymorph (5)
 x - a wand of roots (9)
 y - a wand of mindburst (7)
Scrolls
 c - a scroll of brand weapon
 g - 3 scrolls of teleportation
 n - 2 scrolls of noise
 o - 2 scrolls of fear
 u - 2 scrolls of enchant weapon
 v - 2 scrolls of vulnerability
Potions
 j - 2 potions of mutation
 p - a potion of brilliance
 z - 2 potions of might
 B - 3 potions of curing


   Skills:
 + Level 8.8 Fighting
 + Level 10.8 Short Blades
 - Level 2.1 Throwing
 - Level 9.5 Dodging
 + Level 3.2 Stealth
 - Level 6.0 Shields
 + Level 2.1 Spellcasting
 + Level 2.1 Hexes
 + Level 1.2 Invocations


You had 5 spell levels left.
You knew the following spells:

 Your Spells              Type           Power      Damage    Failure   Level
a - Slow                  Hex            28%        N/A       17%         1
b - Confusing Touch       Hex            7%         N/A       45%         3
c - Vampiric Draining     Necr           1%         2d6       77%         3
d - Blink                 Tloc           2%         N/A       52%         2

Your spell library contained the following spells:

 Spells                   Type           Power      Damage    Failure   Level
 Magic Dart               Conj           4%         1d3       38%         1
 Sigil of Binding         Hex            7%         N/A       45%         3
 Call Imp                 Summ           2%         N/A       52%         2


Dungeon Overview and Level Annotations

Branches:
Dungeon (8/15)             Temple (1/1) D:4            Lair (1/5) D:8

Altars:
Ashenzari
Cheibriados
Dithmenos
Elyvilon
Fedhas
Gozag
Hepliaklqana
Kikubaaqudgha
Makhleb
Nemelex Xobeh
Okawaru
Qazlal
Sif Muna
Trog
Uskayaw
Vehumet
Wu Jian
Xom
Yredelemnul
Zin
The Shining One

Shops:
D:5 :?:[

Annotations:
Lair:1 Gastronok


Innate Abilities, Weirdness & Mutations

You are small and have problems with some larger weapons.
You are completely attuned to the shadows.


Message History

The bat misses you. Gastronok bites you!!
The river rat twitches its whiskers.
You block the river rat's attack.
You hit Gastronok.
Gastronok is severely wounded.
The rat closely misses you.
You hit Gastronok but do no damage.
Gastronok is severely wounded.
The bat completely misses you. The river rat barely misses you.
You hit Gastronok but do no damage.
Gastronok is severely wounded.
The rat completely misses you.
You hit Gastronok.
Gastronok is severely wounded.
The bat misses you.
Gastronok wobbles crazily.
The river rat completely misses you.
You hit Gastronok but do no damage.
Gastronok looks as sick as possible!
Gastronok is severely wounded.
The bat completely misses you. You block the rat's attack. The bat misses you.
You hit Gastronok.
Gastronok looks as sick as possible!
Gastronok is severely wounded.
The bat misses you. You block the river rat's attack.
The rat completely misses you.
You hit Gastronok but do no damage.
Gastronok is almost dead.
The bat barely misses you. The bat completely misses you.
Gastronok waves his eye-stalks in wide circles.
The air twists around and strikes you!!
* * * LOW HITPOINT WARNING * * *
You hit Gastronok.
Gastronok looks as sick as possible!
Gastronok is almost dead.
The bat completely misses you. The river rat barely misses you.
The rat misses you. The river rat completely misses you.
The bat hits you but does no damage.
Gastronok waves his eye-stalks in wide circles.
The air twists around and strikes you!!
You die...
Gastronok gurgles, "Let's see if you taste as good as that wizard did."

****,,,,,,,,,,,**,,,8,,*
**,,,,,,,,,,*****,,,***
***,,,,,,,,,,,* *,,,,**
**,,,,,,,,,,,,,* *,,,,,,
*,,,.........,,** *,*,,,,
*,,,........##*,* **#....
**,,.........##,****#..8.
**,..........#,,,,*#....
*,..,#@.....#######....
*,...#b.##..[##.#......
**...rr###.#.#.......#.
*#..w.#*##.........###
##....* #.>....###..#
*#....## #.....####...
**....##**######..##..#
**,**,,**,,,* **##.#...#
*,**,,,,*,,,* #.##......


You could see Gastronok (extremely poisoned), a river rat (summoned), a bat
(summoned) and a rat (summoned).

Vanquished Creatures
  Joseph (D:8)
  2 rime drakes (Lair:1)
  2 komodo dragons (D:8)
  Sigmund (D:2)
  A yak (D:8)
  A wyvern (Lair:1)
  2 basilisks (Lair:1)
  2 swamp worms (D:8)
  3 water moccasins (Lair:1)
  A black bear (D:8)
  2 ice beasts
  4 ogres (D:5)
  2 centaurs
  A kobold brigand (D:8)
  5 bullfrogs
  5 scorpions
  12 wights
  A quasit (D:5)
  3 hounds
  A bombardier beetle (D:4)
  4 jellies
  3 gnoll boudas
  An orc priest (D:6)
  2 sleepcaps (D:6)
  6 orc wizards
  2 iguanas (D:6)
  13 gnolls
  7 adders
  3 shadow imps (D:6)
  5 white imps (D:6)
  3 ufetubi
  5 dart slugs
  A ribbon worm (D:5)
  25 orcs
  7 endoplasms
  5 goblins
  7 hobgoblins
  3 jackals (D:2)
  6 quokkas
  7 ball pythons
  6 bats
  4 frilled lizards
  14 kobolds
  4 rats
  A butterfly (Lair:1)
196 creatures vanquished.

Notes
Turn   | Place    | Note
-------+----------+-------------------------------------------
     0 | D:1      | tsouns the Kobold Gladiator began the quest for the Orb.
     0 | D:1      | Reached XP level 1. HP: 12/12 MP: 1/1
   131 | D:1      | Reached XP level 2. HP: 10/18 MP: 2/2
   638 | D:1      | Reached XP level 3. HP: 20/22 MP: 3/3
   856 | D:2      | Reached skill level 1 in Shields
  1036 | D:2      | Reached XP level 4. HP: 27/27 MP: 4/4
  1117 | D:2      | Noticed Sigmund
  1131 | D:2      | Killed Sigmund
  1132 | D:2      | Reached skill level 5 in Short Blades
  1132 | D:2      | Reached skill level 5 in Dodging
  1132 | D:2      | Reached XP level 5. HP: 27/33 MP: 5/5
  1132 | D:2      | Reached XP level 6. HP: 31/38 MP: 6/6
  2701 | D:4      | Found a bloodstained altar of Trog.
  2701 | D:4      | Found a stormy altar of Qazlal.
  2803 | D:4      | Learned a level 1 spell: Slow
  2807 | D:4      | Learned a level 3 spell: Confusing Touch
  2879 | D:4      | Found a staircase to the Ecumenical Temple.
  2914 | D:4      | Reached XP level 7. HP: 30/43 MP: 7/7
  2923 | Temple   | Entered the Ecumenical Temple
  2938 | Temple   | Became a worshipper of Dithmenos the Shadowed
  3211 | D:4      | Reached skill level 6 in Short Blades
  3515 | D:4      | Found an iron altar of Okawaru.
  3700 | D:5      | Entered Level 5 of the Dungeon
  3741 | D:5      | Reached XP level 8. HP: 33/48 MP: 8/8
  3810 | D:5      | Reached skill level 5 in Fighting
  3820 | D:5      | Reached skill level 7 in Short Blades
  3924 | D:5      | Found Yroi's Tremendous Tomes.
  3999 | D:5      | Found Jeoxaygh's Magic Scroll Boutique.
  4001 | D:5      | Found Raenyc's Book Shop.
  4004 | D:5      | Bought a scroll of enchant weapon for 82 gold pieces
  4004 | D:5      | Bought a scroll of fear for 44 gold pieces
  4004 | D:5      | Bought a scroll of enchant weapon for 82 gold pieces
  4006 | D:5      | Found Zoypinoimu's Antique Armour Shoppe.
  4135 | D:5      | Found a glowing silver altar of Zin.
  4146 | D:5      | Reached * piety under Dithmenos
  5327 | D:6      | Reached XP level 9. HP: 55/55 MP: 9/9
  5340 | D:6      | Learned a level 3 spell: Vampiric Draining
  5367 | D:6      | Reached skill level 8 in Short Blades
  5929 | D:6      | Found a glowing golden altar of the Shining One.
  6083 | D:6      | Reached ** piety under Dithmenos
  7359 | D:7      | Reached skill level 9 in Short Blades
  7777 | D:7      | Reached skill level 5 in Shields
  7868 | D:7      | Found a sparkling altar of Nemelex Xobeh.
  8019 | D:8      | Noticed Joseph
  8060 | D:8      | Killed Joseph
  8181 | D:8      | Reached XP level 10. HP: 48/63 MP: 10/10
  8484 | D:8      | Reached skill level 10 in Short Blades
  8531 | D:8      | Noticed a komodo dragon
  8556 | D:8      | Killed a komodo dragon
  8944 | D:8      | Found a staircase to the Lair.
  8944 | D:8      | Noticed a komodo dragon
  8958 | D:8      | Killed a komodo dragon
  8964 | D:8      | Learned a level 2 spell: Blink
  9168 | D:8      | Reached skill level 1 in Stealth
  9198 | D:8      | Found a white marble altar of Elyvilon.
  9256 | Lair:1   | Entered Level 1 of the Lair of Beasts
  9260 | Lair:1   | Identified the +7 leather armour of Vehyebops {rN+}
  9376 | Lair:1   | Reached skill level 1 in Spellcasting
  9376 | Lair:1   | Reached skill level 1 in Hexes
  9459 | Lair:1   | Noticed a rime drake
  9463 | Lair:1   | Killed a rime drake
  9468 | Lair:1   | Reached *** piety under Dithmenos
  9643 | Lair:1   | Noticed a rime drake
  9684 | Lair:1   | Killed a rime drake
  9685 | Lair:1   | Reached skill level 1 in Invocations
  9685 | Lair:1   | Reached XP level 11. HP: 36/69 MP: 12/14
  9758 | Lair:1   | Noticed Gastronok
  9813 | Lair:1   | Killed from afar by Gastronok

Illustrated notes

Levels and vault maps discovered:
D:1:      lightli_arrival_farm, layout_basic
D:2:      layout_loops_ring, uniq_sigmund
D:3:      layout_basic, kennysheep_potato
D:4:      layout_basic, okawaru_gym_becter, gammafunk_temple_overflow_pools,
          minmay_temple_entry_stoned_glass
D:5:      layout_loops_cross, mainiacjoe_overflow_concentric_impassable,
          nicolae_shop_i_like_big_books, nicolae_wooded_promenade,
          serial_bayou_pond_a, nicolae_zen_rock_garden
D:6:      layout_loops_cross, general_overflow_altar, serial_demonic,
          serial_demonic_g, serial_demonic_g, serial_demonic_f,
          serial_demonic_g, serial_demonic_e, serial_demonic_e,
          serial_demonic_d, serial_demonic_b, serial_demonic_a, serial_demonic_a
D:7:      layout_basic, kennysheep_little_box
D:8:      layout_gridville, nicolae_overflow_hidden_temple,
          grunt_lair_entry_orc_guard_hut, worms_lemuel, uniq_joseph
Temple:   nicolae_temple_superstar
Lair:1:   layout_cave_shapes, grunt_megastairs_4, lemuel_fruit_tree,
          lemuel_fruit_fields, uniq_gastronok

Skill      XL: |  1  2  3  4  5  6  7  8  9 10 |
---------------+-------------------------------+-----
Dodging        | 4 5 6 7 8 9 |  9.5
Shields        | 1 2 3 4 5 6 |  6.0
Fighting       | 3 4 6 7 8 |  8.8
Short Blades   | 5 6 7 9 10 | 10.8
Stealth        | 3 |  3.2
Spellcasting   | 2 |  2.1
Hexes          | 2 |  2.1
Invocations    | 1 |  1.2
Throwing       | |  2.1

Action                     |  1- 3 |  4- 6 |  7- 9 | 10-12 || total
---------------------------+-------+-------+-------+-------++-------
  Melee: Dagger            |    79 |   143 |   557 |    51 ||   830
         Rapier            |     1 |       |       |       ||     1
         Short sword       |       |       |   113 |   233 ||   346
  Throw: Throwing net      |       |       |     1 |     1 ||     2
  Evoke: Wand              |       |       |     7 |    15 ||    22
    Use: Scroll            |       |     6 |     8 |     4 ||    18
         Potion            |       |     3 |     2 |       ||     5
   Stab: Sleeping          |     6 |     7 |     5 |     9 ||    27
         Held in net/web   |       |       |       |     1 ||     1
 Armour: Leather armour    |    20 |    43 |    93 |    39 ||   195
         Robe              |       |       |    30 |    27 ||    57
         Skin              |       |       |     9 |       ||     9
  Dodge: Dodged            |    44 |    81 |   399 |   163 ||   687
  Block: Buckler           |    15 |    28 |   121 |    48 ||   212
